 Dungeon Crawl Stone Soup version 0.29.1-1-gd02db6906a (webtiles) character file.

Game seed: 967665529158478559

25158 Demigod47 the Bludgeoner (level 12, -1/93 (111) HPs)
             Began as a Minotaur Fighter on Oct 7, 2022.
             Was the Champion of Okawaru.
             Killed from afar by a deep elf knight (26 damage)
             ... with a shard of ice
             ... on level 13 of the Dungeon on Oct 9, 2022.
             The game lasted 00:34:47 (11246 turns).

Demigod47 the Bludgeoner (Minotaur Fighter)        Turns: 11246, Time: 00:34:47

HP:   -1/93 (111)   AC: 25    Str: 39    XL:     12   Next: 87%
MP:   14/14         EV:  9    Int:  5    God:    Okawaru [******]
Gold: 623           SH: 10    Dex: 11    Spells: 11/11 levels left

rFire   . . .      SeeInvis .   q - +9 flail of Doirowoko {flame, Str+2}
rCold   . . .      Faith    .   P - +0 kite shield
rNeg    . . .      Spirit   .   n - +3 plate armour
rPois   .          Reflect  .   (helmet restricted)
rElec   .          Harm     .   K - +0 cloak
rCorr   .          Rampage  .   (no gloves)
Will    .....                   B - +2 pair of boots
Stlth   ..........              e - amulet of regeneration
HPRegen 1.85/turn               k - +6 ring of strength
MPRegen 0.14/turn               w - +6 ring of strength

@: mighty, studying Throwing, heavily drained
A: horns 2, retaliatory headbutt, iridescent scales 1, high MP 1, regeneration 1
a: Renounce Religion, Heroism, Finesse, Duel


You were on level 13 of the Dungeon.
You worshipped Okawaru.
Okawaru was exalted by your worship.
You visited 2 branches of the dungeon, and saw 14 of its levels.

You collected 843 gold pieces.
You spent 220 gold pieces at shops.

Inventory:

Hand Weapons
 q - the +9 flail of Doirowoko (weapon) {flame, Str+2}
   (You found it on level 2 of the Dungeon)

   It burns those it strikes, dealing additional fire damage.
   Str:       It affects your strength (+2).
 M - a +6 dire flail
Missiles
 C - 3 javelins (quivered)
 G - 5 throwing nets
Armour
 c - a +1 buckler
 j - the +0 plate armour of Okawaru's Displeasure {Drain Regen+ Str+2}
   (Okawaru gifted it to you on level 11 of the Dungeon)

   Str:       It affects your strength (+2).
   Regen:     It increases your rate of health regeneration.
   Drain:     It drains your maximum health when unequipped.
 n - a +3 plate armour (worn)
 B - a +2 pair of boots (worn)
 K - a +0 cloak (worn)
 P - a +0 kite shield (worn)
Jewellery
 e - an amulet of regeneration (around neck)
 h - an amulet of magic regeneration
 k - a +6 ring of strength (left hand)
 p - an amulet of guardian spirit
 v - a ring of wizardry
 w - a +6 ring of strength (right hand)
Wands
 a - a wand of roots (10)
 r - a wand of flame (82)
 J - a wand of mindburst (6)
 L - a wand of polymorph (2)
Scrolls
 f - 5 scrolls of immolation
 g - 5 scrolls of amnesia
 i - 4 scrolls of vulnerability
 m - a scroll of poison
 s - 2 scrolls of noise
 t - a scroll of fear
 D - 3 scrolls of teleportation
 F - a scroll of butterflies
 I - a scroll of summoning
Potions
 l - a potion of berserk rage
 z - a potion of mutation
 A - a potion of cancellation
 E - 2 potions of flight
 H - 5 potions of curing


   Skills:
 + Level 11.6 Fighting
 * Level 16.9 Maces & Flails
 + Level 11.9 Armour
 + Level 6.2 Dodging
 + Level 1.5 Stealth
 + Level 9.7 Shields
 + Level 2.7 Invocations


You had 11 spell levels left.
You didn't know any spells.
Your spell library contained the following spells:

 Spells                   Type           Power      Damage    Failure   Level
 Hailstorm                Conj/Ice       0%         3d3       100%        4
 Ice Form                 Ice/Tmut       0%         N/A       100%        4
 Simulacrum               Ice/Necr       Unusable   N/A       N/A         6

Dungeon Overview and Level Annotations

Branches:
Dungeon (13/15)            Temple (1/1) D:5            Lair (0/5) D:11
    Orc (0/2) D:12
 Vaults: D:13-14

Altars:
Ashenzari
Cheibriados
Dithmenos
Elyvilon
Fedhas
Gozag
Hepliaklqana
Kikubaaqudgha
Makhleb
Nemelex Xobeh
Okawaru
Qazlal
Ru
Sif Muna
Trog
Uskayaw
Vehumet
Wu Jian
Xom
Yredelemnul
Zin
The Shining One

Shops:
D:6 ?   D:7 !   D:12 *


Innate Abilities, Weirdness & Mutations

You have a pair of horns on your head.
You reflexively headbutt those who attack you in melee.
You are partially covered in iridescent scales. (AC +2)
You have an increased reservoir of magic. (+10% MP)
Your natural rate of healing is unusually fast.


Message History

A lance of force appears from out of thin air!
The lance of force hits you!
You are knocked back by the lance of force.
You slam into the metal wall!
You hear some strange, mumbled words.
A shard of ice appears from out of thin air!
The shard of ice hits you.
You bludgeon something!! You burn something.
Something hits you but does no damage.
You barely miss something. Something hits you but does no damage.
Something blocks your attack.
You hear some strange, mumbled words.
A lance of force appears from out of thin air!
You block the lance of force.
You hear some strange, mumbled words.
A lance of force appears from out of thin air!
The lance of force hits you.
You are knocked back by the lance of force.
You slam into the metal wall!
Something hits you but does no damage.
You closely miss something. You block something's attack.
You hear some strange, mumbled words.
A shard of ice appears from out of thin air!
The shard of ice hits you!!
You barely miss something. Your headbutt misses something.
Something hits you but does no damage.
You miss something. You headbutt something.
You hear some strange, mumbled words.
A lance of force appears from out of thin air!
The lance of force hits you!
* * * LOW HITPOINT WARNING * * *
You are knocked back by the lance of force.
You slam into the metal wall!
* * * LOW HITPOINT WARNING * * *
You feel much better.
You feel very mighty all of a sudden.
You hear some strange, mumbled words.
A shard of ice appears from out of thin air!
The shard of ice hits you!!
You die...

########+########
#[@............)#
#.{.............#
#...............#
##)####.#.####+## ...
#..)# # #...# #.)[#
..# ## #...# #...#
...#
..###..###'''###p.###
#.≈≈≈≈≈≈~..$~≈≈≈≈≈≈.


There were no monsters in sight!

Vanquished Creatures
  2 vault guards (D:13)
  Harold (D:9)
  2 boulder beetles
  3 two-headed ogres
  The ghost of Turbonekonecno the Covert, a journeyman SpEn of Makhleb (D:10)
  Amaemon (D:11)
  2 deep elf pyromancers (D:12)
  An orc sorcerer (D:13)
  An ugly thing (D:12)
  A manticore (D:12)
  2 cyclopes (D:11)
  4 centaur zombies (D:10)
  Joseph (D:9)
  2 spectral centaurs (D:10)
  Maggie (D:9)
  An orange demon (D:11)
  Psyche (D:9)
  A gargoyle (D:11)
  4 kobold demonologists
  A komodo dragon (D:10)
  A tengu conjurer (D:13)
  A troll (D:9)
  A hornet (D:8)
  Grinder (D:4)
  A spectral meliai (D:10)
  A meliai zombie (D:10)
  Prince Ribbit (D:7)
  Sigmund (D:4)
  3 vampires (D:10)
  2 centaur simulacra (D:10)
  2 wyverns
  4 shadows
  2 wraiths (D:10)
  A human (D:13)
  17 yaks
  A basilisk (D:12)
  2 vampire mosquitoes (D:12)
  Menkaure (D:6)
  Duvessa (D:4)
  A meliai simulacrum (D:10)
  2 black bears
  4 ice beasts
  5 orc warriors
  10 centaurs
  3 ogres
  A phantom (D:5)
  3 kobold brigands
  2 necrophages
  2 gnoll sergeants
  3 bullfrogs
  6 scorpions
  5 wights (D:7)
  Dowan (D:4)
  4 killer bees (D:9)
  A vampire bat (D:3)
  2 electric eels (D:11)
  8 howler monkeys
  4 hounds
  5 jellies
  3 gnoll boudas
  6 orc priests
  3 iguanas
  Natasha (thrice) (D:3)
  11 orc wizards
  15 gnolls
  4 adders
  3 white imps
  2 ufetubi
  2 worms
  2 dart slugs
  35 orcs
  3 bat skeletons (D:3)
  2 bat zombies (D:3)
  12 endoplasms
  A giant cockroach (D:3)
  9 goblins
  11 hobgoblins
  3 jackals (D:1)
  8 quokkas
  6 ball pythons
  4 bats
  4 frilled lizards
  13 kobolds
  5 rats
  A butterfly (D:8)
320 creatures vanquished.

Vanquished Creatures (others)
  An orc wizard (D:9)
  11 fungi
  16 plants (D:11)
  9 toadstools (D:2)
  3 withered plants (D:10)
40 creatures vanquished.

Grand Total: 360 creatures vanquished

Notes
Turn   | Place    | Note
-------+----------+-------------------------------------------
     0 | D:1      | Demigod47 the Minotaur Fighter began the quest for the Orb.
     0 | D:1      | Reached XP level 1. HP: 19/19 MP: 0/0
    82 | D:1      | Reached XP level 2. HP: 9/27 MP: 1/1
   103 | D:1      | Found a faded altar of an unknown god.
   340 | D:1      | Reached skill level 3 in Maces & Flails
   708 | D:1      | Reached XP level 3. HP: 33/33 MP: 2/2
  1184 | D:2      | Identified the +9 flail of Doirowoko {flame, Str+2}
  1450 | D:2      | Reached skill level 4 in Maces & Flails
  1450 | D:2      | Reached XP level 4. HP: 30/40 MP: 3/3
  1621 | D:2      | Reached skill level 5 in Maces & Flails
  1621 | D:2      | Reached XP level 5. HP: 47/47 MP: 4/4
  2151 | D:3      | Noticed Natasha
  2162 | D:3      | Killed Natasha
  2248 | D:3      | Reached skill level 5 in Armour
  2248 | D:3      | Reached skill level 1 in Dodging
  2263 | D:3      | Found an opulent altar of Gozag.
  2403 | D:3      | Noticed Natasha
  2408 | D:3      | Reached XP level 6. HP: 52/53 MP: 5/5
  2412 | D:3      | Reached skill level 6 in Maces & Flails
  2421 | D:3      | Killed Natasha
  2654 | D:3      | Found an ancient bone altar of Kikubaaqudgha.
  2721 | D:3      | Noticed an ice beast
  2728 | D:3      | Killed an ice beast
  2729 | D:3      | Reached skill level 7 in Maces & Flails
  2729 | D:3      | Reached XP level 7. HP: 51/60 MP: 6/6
  2923 | D:3      | Noticed Natasha
  2932 | D:3      | Killed Natasha
  3098 | D:4      | Reached skill level 8 in Maces & Flails
  3118 | D:4      | Noticed Sigmund
  3124 | D:4      | Killed Sigmund
  3169 | D:4      | Noticed Grinder
  3173 | D:4      | Paralysed by Grinder for 2 turns
  3178 | D:4      | Paralysed by Grinder for 2 turns
  3181 | D:4      | Killed Grinder
  3182 | D:4      | Reached skill level 9 in Maces & Flails
  3182 | D:4      | Reached XP level 8. HP: 33/67 MP: 7/7
  3228 | D:4      | Noticed Dowan
  3229 | D:4      | Noticed Duvessa
  3237 | D:4      | Killed Dowan
  3243 | D:4      | Killed Duvessa
  3244 | D:4      | Reached skill level 5 in Fighting
  3574 | D:5      | Entered Level 5 of the Dungeon
  3698 | D:5      | Found an ornate altar of the Wu Jian Council.
  3707 | D:5      | Reached skill level 10 in Maces & Flails
  3883 | D:5      | Found a bloodstained altar of Trog.
  3949 | D:5      | Found a staircase to the Ecumenical Temple.
  3973 | Temple   | Entered the Ecumenical Temple
  4011 | Temple   | Became a worshipper of Warmaster Okawaru
  4487 | D:5      | Reached skill level 11 in Maces & Flails
  4754 | D:6      | Noticed a two-headed ogre
  4761 | D:6      | Killed a two-headed ogre
  4761 | D:6      | Reached * piety under Okawaru
  4762 | D:6      | Reached XP level 9. HP: 78/78 MP: 8/8
  4782 | D:6      | Reached ** piety under Okawaru
  4783 | D:6      | Reached skill level 12 in Maces & Flails
  4783 | D:6      | Reached skill level 5 in Shields
  4909 | D:6      | Found Rosidgh's Magic Scroll Shop.
  4916 | D:6      | Gained mutation: You have an increased reservoir of magic.
                  | (+10% MP) [potion of mutation]
  4916 | D:6      | Gained mutation: Your natural rate of healing is unusually
                  | fast. [potion of mutation]
  4916 | D:6      | Gained mutation: You are partially covered in iridescent
                  | scales. (AC +2) [potion of mutation]
  4932 | D:6      | Noticed Menkaure
  4959 | D:6      | Killed Menkaure
  5213 | D:6      | Found a glowing silver altar of Zin.
  5485 | D:7      | Noticed Prince Ribbit
  5508 | D:7      | Killed Prince Ribbit
  5543 | D:7      | Found Naskas's Distillery.
  5553 | D:7      | Bought 2 potions of heal wounds for 110 gold pieces
  5553 | D:7      | Bought 2 potions of heal wounds for 110 gold pieces
  5674 | D:7      | Found a blossoming altar of Fedhas.
  5714 | D:7      | Reached *** piety under Okawaru
  5765 | D:7      | Reached XP level 10. HP: 79/80 MP: 10/10
  5991 | D:7      | Reached skill level 13 in Maces & Flails
  6001 | D:7      | Found a sparkling altar of Nemelex Xobeh.
  6638 | D:8      | Paralysed by a hornet for 1 turns
  6641 | D:8      | Reached **** piety under Okawaru
  6744 | D:8      | Found a white marble altar of Elyvilon.
  6822 | D:8      | Reached skill level 14 in Maces & Flails
  6831 | D:8      | Noticed a two-headed ogre
  6839 | D:8      | Killed a two-headed ogre
  7180 | D:9      | Noticed Psyche
  7183 | D:9      | Killed Psyche
  7215 | D:9      | Noticed Harold
  7227 | D:9      | Killed Harold
  7227 | D:9      | Reached ***** piety under Okawaru
  7238 | D:9      | Noticed Joseph
  7270 | D:9      | Killed Joseph
  7304 | D:9      | Reached XP level 11. HP: 82/95 MP: 11/11
  7313 | D:9      | Noticed Maggie
  7328 | D:9      | Killed Maggie
  7350 | D:9      | Identified the +5 war axe of Qistale {speed, rElec MP+9
                  | Dex+2}
  7474 | D:9      | Found a transporter.
  7565 | D:9      | Found a radiant altar of Vehumet.
  7728 | D:9      | Reached skill level 15 in Maces & Flails
  7853 | D:10     | Entered Level 10 of the Dungeon
  7936 | D:10     | Received a gift from Okawaru
  8275 | D:10     | Noticed a two-headed ogre
  8280 | D:10     | Killed a two-headed ogre
  8281 | D:10     | Reached skill level 10 in Armour
  8340 | D:10     | Reached skill level 10 in Fighting
  8340 | D:10     | Reached skill level 5 in Dodging
  8517 | D:10     | Found a runed translucent gate.
  8517 | D:10     | Found a runed translucent gate.
  8517 | D:10     | Found a runed translucent gate.
  8517 | D:10     | Noticed Turbonekonecno's ghost (journeyman SpEn)
  8633 | D:10     | Reached skill level 16 in Maces & Flails
  8639 | D:10     | Killed Turbonekonecno's ghost
  8640 | D:10     | Reached skill level 1 in Invocations
  8640 | D:10     | Reached ****** piety under Okawaru
  8728 | D:11     | Reached XP level 12. HP: 91/107 MP: 13/13
  8738 | D:11     | Noticed a boulder beetle
  8745 | D:11     | Killed a boulder beetle
  9249 | D:11     | Found a staircase to the Lair.
  9286 | D:11     | Noticed Amaemon
  9296 | D:11     | Killed Amaemon
  9296 | D:11     | Identified the +0 plate armour of Okawaru's Displeasure
                  | {Drain Regen+ Str+2} (Okawaru gifted it to you on level 11
                  | of the Dungeon)
  9296 | D:11     | Received a gift from Okawaru
  9769 | D:12     | Reached skill level 1 in Stealth
  9940 | D:12     | Found a staircase to the Orcish Mines.
 10117 | D:12     | Found Asoutylu's General Store.
 10164 | D:12     | Noticed a boulder beetle
 10184 | D:12     | Killed a boulder beetle
 10237 | D:13     | Noticed a vault guard
 10242 | D:13     | Noticed a vault guard
 10258 | D:13     | Noticed a vault guard
 10273 | D:13     | Killed a vault guard
 11232 | D:13     | Killed a vault guard
 11246 | D:13     | Killed from afar by a deep elf knight

Illustrated notes

Levels and vault maps discovered:
D:1:      nzn_arrival_water_spiral, layout_basic, ebering_ecumenical_altar_hall
D:2:      cheibrodos_fertilizer, layout_loops_ring
D:3:      layout_loops_corners, kennysheep_vampire_church, grunt_gozag_statues,
          uniq_natasha
D:4:      layout_basic, grunt_ministairs_13, chequers_serial_rivers_room_b,
          uniq_grinder, uniq_duvessa, uniq_sigmund
D:5:      layout_basic, mainiacjoe_overflow_surrounded_room,
          trog_butcher_becter, minmay_temple_entry_tees, minmay_starry_boxes
D:6:      layout_rooms, zin_scriptorium, serial_shops, shop, minmay_manual_mess,
          uniq_menkaure
D:7:      layout_loops_ring, mainiacjoe_overflow_cross_hatched,
          nemelex_dance_club_becter, serial_shops, nicolae_shop_trees,
          uniq_prince_ribbit1
D:8:      layout_cave_pods, nicolae_elyvilon_peaceful_grove,
          hangedman_abyss_or_decor_slice, hangedman_abyss_or_decor_passed
D:9:      layout_cave_pools, mainiacjoe_overflow_small_starburst,
          nicolae_diode_basic, uniq_harold, uniq_maggie, uniq_joseph,
          uniq_psyche
D:10:     layout_roguey, serial_undead, serial_undead_a, serial_undead_e,
          serial_undead_b, serial_undead_a, gammafunk_ghost_necromancy,
          glass_columns_a
D:11:     layout_basic, grunt_lair_entry_orc_guard_hut, serial_aquarium,
          aquarium_bridge_square [aquarium_subvault_bridge,
          aquarium_subvault_window, aquarium_subvault_wall,
          aquarium_subvault_bridge], aquarium_bridge_square
          [aquarium_subvault_balcony, aquarium_subvault_wall,
          aquarium_subvault_balcony, aquarium_subvault_bridge],
          aquarium_window_2, aquarium_window_corridor_1, aquarium_window_1,
          aquarium_window_1, aquarium_view_2e, aquarium_view_2a, uniq_amaemon
D:12:     layout_rooms, orc_0_dummy, serial_shops, shop_fountains
D:13:     layout_loops_ring, grunt_vaults_entry_fortified
Temple:   hellmonk_temple_forest_ring

Skill      XL: |  1  2  3  4  5  6  7  8  9 10 11 12 |
---------------+-------------------------------------+-----
Maces & Flails | 3 4 5 7 9 11 12 14 16 | 16.9
Fighting       | 4 6 7 8 10 11 | 11.6
Armour         | 4 5 7 8 9 10 11 | 11.9
Shields        | 4 5 6 8 9 |  9.7
Dodging        | 1 2 3 5 6 |  6.2
Invocations    | 1 2 |  2.7
Stealth        | 1 |  1.5

Action                   |  1- 3 |  4- 6 |  7- 9 | 10-12 || total
-------------------------+-------+-------+-------+-------++-------
Melee: Flail             |   102 |    61 |   154 |   509 ||   826
       Headbutt          |     9 |     2 |    20 |    92 ||   123
Invok: Heroism           |       |       |       |     5 ||     5
       Finesse           |       |       |       |     3 ||     3
  Use: Potion            |       |     6 |     2 |    10 ||    18
       Scroll            |       |     2 |    10 |    11 ||    23
 Stab: Invisible         |       |       |       |     1 ||     1
Armor: Scale mail        |    62 |    21 |    35 |   180 ||   298
       Plate armour      |       |       |       |    61 ||    61
Dodge: Dodged            |    63 |    32 |    64 |   250 ||   409
Block: Buckler           |    25 |    13 |    35 |   105 ||   178
       Kite shield       |       |       |       |   135 ||   135
